 Dungeon Crawl Stone Soup version 0.27.0-66-gdc8fb28755 (webtiles) character file.

Game seed: 8698062151112826279

3688 Gwenloh the Scholar of Death (level 9, -16/45 HPs)
             Began as a Vampire Necromancer on Aug 21, 2021.
             Was a Follower of Kikubaaqudgha.
             Demolished by Harold (23 damage)
             ... on level 9 of the Dungeon.
             The game lasted 00:39:04 (9851 turns).

Gwenloh the Scholar of Death (Vampire Necromancer)  Turns: 9851, Time: 00:39:06

Health: -16/45     AC:  5    Str:  7    XL:     9   Next: 90%
Magic:  17/27      EV:  8    Int: 20    God:    Kikubaaqudgha [*.....]
Gold:   325        SH:  0    Dex: 15    Spells: 0/21 levels left

rFire    . . .     SeeInvis +   t - +9 trident of Leymn {speed, SInv}
rCold    + + .     Faith    .   (no shield)
rNeg     + + +     Spirit   .   h - +0 leather armour
rPois    ∞         Reflect  .   (no helmet)
rElec    +         Harm     .   q - +0 cloak
rCorr    +         Rampage  .   (no gloves)
Will     .....                  C - +0 pair of boots "Beunis" {rElec}
Stlth    ++++......             (no amulet)
HPRegen  0.00/turn              F - ring of magical power
MPRegen  0.20/turn              s - ring of resist corrosion

@: marked, held, bloodless, inhibited regen
A: bloodless, fangs 3, see invisible, vampiric 2
a: Bat Form, Revivify, Renounce Religion, Receive Corpses


You were on level 9 of the Dungeon.
You worshipped Kikubaaqudgha.
Kikubaaqudgha was aware of your devotion.
You visited 2 branches of the dungeon, and saw 10 of its levels.
You also visited: Sewer.

You collected 325 gold pieces.

Inventory:

Hand Weapons
 b - a +0 dagger
 k - a +0 dagger of protection
 t - the +9 trident of Leymn (weapon) {speed, SInv}
   (You found it on level 4 of the Dungeon)

   Attacks with this weapon are significantly faster.
   SInv:      It lets you see invisible.
Missiles
 c - 8 boomerangs (quivered)
 f - 203 stones
 g - 26 poisoned darts
Armour
 a - a +0 robe
 h - a +0 leather armour (worn)
 n - a +0 buckler
 q - a +0 cloak (worn)
 C - the +0 pair of boots "Beunis" (worn) {rElec}
   (You found it on level 6 of the Dungeon)

   rElec:     It insulates you from electricity.
Jewellery
 j - a ring of protection from cold
 s - a ring of resist corrosion (right hand)
 E - a +6 ring of intelligence
 F - a ring of magical power (left hand)
Wands
 y - a wand of flame (15)
 D - a wand of mindburst (12)
 J - a wand of paralysis (7)
Scrolls
 d - 2 scrolls of fog {unknown}
 e - 2 scrolls of amnesia {unknown}
 i - 6 scrolls of identify {unknown}
 m - 4 scrolls of enchant weapon {unknown}
 o - 3 scrolls of teleportation {unknown}
 z - 2 scrolls of vulnerability {unknown}
 B - 2 scrolls of magic mapping {unknown}
 G - a scroll of fear {unknown}
 I - 2 scrolls of noise {unknown}
Potions
 l - 5 potions of curing
 p - a potion of lignification {unknown}
 r - 2 potions of attraction {unknown}
 u - 2 potions of flight
 v - 3 potions of berserk rage {unknown}
 w - 2 potions of haste {unknown}
 x - 3 potions of brilliance {unknown}
 A - a potion of might
 H - a potion of mutation {unknown}


   Skills:
 + Level 8.0 Dodging
 - Level 3.0 Stealth
 + Level 2.0 Shields
 + Level 6.6 Spellcasting
 * Level 11.5 Necromancy


You couldn't memorise any spells.
You knew the following spells:

 Your Spells              Type           Power      Damage    Failure   Level
a - Pain                  Necr           100%       1d9       1%          1
b - Vampiric Draining     Necr           26%        2d9       1%          3
c - Agony                 Necr           52%        N/A       3%          5
d - Animate Dead          Necr           26%        N/A       1%          4
e - Animate Skeleton      Necr           100%       N/A       1%          1
f - Corpse Rot            Necr/Air       N/A        N/A       1%          2
g - Excruciating Wounds   Necr           26%        N/A       3%          5

Your spell library contained the following spells:

 Spells                   Type           Power      Damage    Failure   Level
 Foxfire                  Conj/Fire      24%        2x1d5     16%         1
 Shock                    Conj/Air       24%        1d4       16%         1
 Conjure Flame            Conj/Fire      6%         6-21      41%         3
 Ignite Poison            Fire/Tmut/Pois 6%         N/A       41%         3
 Inner Flame              Hex/Fire       6%         N/A       41%         3
 Mephitic Cloud           Conj/Pois/Air  6%         N/A       41%         3
 Stone Arrow              Conj/Erth      12%        3d7       41%         3
 Swiftness                Air            6%         N/A       41%         3
 Airstrike                Air            3%         N/A       83%         4
 Animate Armour           Summ/Erth      12%        N/A       83%         4
 Bolt of Magma            Conj/Fire/Erth 3%         4d5       99%         5
 Lehudib's Crystal Spear  Conj/Erth      3%         10d2      100%        8


Dungeon Overview and Level Annotations

Branches:
Dungeon (9/15)             Temple (1/1) D:5           Sewer (visited)
   Lair: D:8-11         Orc: D:9-12

Altars:
Ashenzari
Cheibriados
Dithmenos
Elyvilon
Fedhas
Gozag
Hepliaklqana
Kikubaaqudgha
Makhleb
Nemelex Xobeh
Okawaru
Qazlal
Ru
Sif Muna
Trog
Uskayaw
Vehumet
Wu Jian
Xom
Yredelemnul
Zin
The Shining One

Shops:
D:7 (   D:9 :

Annotations:
D:9 3 runed translucent doors, Harold


Innate Abilities, Weirdness & Mutations

You do not regenerate when monsters are visible.
You are frail without blood (-20% HP).
You can heal yourself when you bite living creatures.
You are immune to poison.
You have razor-sharp teeth.
You have supernaturally acute eyesight. (SInv)
You are afflicted with vampirism and can become a bat while bloodless.


Message History

Harold hits you with a +0 war axe!
Found Tare's Book Emporium.
Harold says happily, "The price on your head will fill my nest egg nicely!"
Harold throws a throwing net.
The throwing net hits you.
You become entangled in the net!
You see here a throwing net.
Casting: Excruciating Wounds (quite dangerous; 3% risk of failure)
Confirm with . or Enter, or press ? or * to list all spells.
Aiming: Pain (safe; 1% risk of failure)
Press: ? - help, Shift-Dir - straight line, f - Harold
Aim: Harold, wielding a +0 war axe, wearing a +0 ring mail of cold resistance and quivering 3 throwing nets (chance to affect: 54%) Harold writhes in agony.
Harold says, "Ah, this is what I got into this business for!"
Casting: Pain (safe; 1% risk of failure)
Confirm with . or Enter, or press ? or * to list all spells.
Aiming: Vampiric Draining (safe; 1% risk of failure)
Press: ? - help, Shift-Dir - straight line, f/p - Harold
Aim: Harold, wielding a +0 war axe, wearing a +0 ring mail of cold resistance and quivering 3 throwing nets (lightly wounded)
You draw life force from Harold!
You feel life coursing into your body. Harold casts a spell at you.
A sentinel's mark forms upon you.
Casting: Vampiric Draining (safe; 1% risk of failure)
Confirm with . or Enter, or press ? or * to list all spells.
Aiming: Vampiric Draining (safe; 1% risk of failure)
Press: ? - help, Shift-Dir - straight line, f/p - Harold
Aim: Harold, wielding a +0 war axe, wearing a +0 ring mail of cold resistance and quivering 3 throwing nets (lightly wounded)
You draw life force from Harold!
You feel life coursing into your body.
Harold considers, "I think I'll use your bounty to get a cattle farm..."
Harold hits you with a +0 war axe!!
* * * LOW HITPOINT WARNING * * *
Casting: Vampiric Draining (safe; 1% risk of failure)
Confirm with . or Enter, or press ? or * to list all spells.
Aiming: Vampiric Draining (safe; 1% risk of failure)
Press: ? - help, Shift-Dir - straight line, f/p - Harold
Aim: Harold, wielding a +0 war axe, wearing a +0 ring mail of cold resistance and quivering 3 throwing nets (moderately wounded)
You draw life force from Harold!
You feel life coursing into your body. Harold hits you with a +0 war axe!!
Ouch! That really hurt!
You die...
Kikubaaqudgha rasps: "You have failed me!
Welcome... oblivion!"

#... #...
##...#########
.............
............
..........#
..........#
.......@..#
.......@..###########
.....................
........<(...........
∩..##########........
.. #........ .
#........ #........
##########........
..................


You could see Harold.

Vanquished Creatures
  Prince Ribbit (D:8)
  Sigmund (D:2)
  2 steam dragons
  Duvessa (D:4)
  2 water moccasins
  An orc warrior (D:6)
  2 necrophages
  A sky beast (D:8)
  2 ogres
  A black bear (D:8)
  A phantom (D:5)
  3 kobold brigands
  2 bullfrogs
  Dowan (D:4)
  A gnoll sergeant (D:8)
  2 scorpions
  A water moccasin skeleton (D:6)
  5 killer bees (D:8)
  8 wights
  2 howler monkeys (D:8)
  2 centaur zombies
  2 jellies
  An orc priest (D:3)
  A hound (D:7)
  A bullfrog skeleton (D:5)
  Jessica (D:3)
  2 iguanas (D:6)
  3 orc wizards
  2 killer bee zombies (D:7)
  A hound zombie (D:5)
  A howler monkey zombie (D:8)
  3 gnolls (D:8)
  8 adders
  A river rat (Sewer)
  A shadow imp (D:5)
  A white imp (D:3)
  3 ufetubi (D:5)
  2 worms (D:3)
  4 dart slugs
  23 orcs
  4 bats
  5 endoplasms
  5 giant cockroaches
  7 goblins
  5 hobgoblins
  A jackal (Sewer)
  4 quokkas
  11 ball pythons
  2 frilled lizards
  A giant cockroach zombie (D:1)
  A jackal zombie (D:1)
  15 kobolds
  8 rats
172 creatures vanquished.

Vanquished Creatures (collateral kills)
  Psyche (D:8)
  A wyvern zombie (D:6)
2 creatures vanquished.

Grand Total: 174 creatures vanquished

Notes
Turn   | Place    | Note
-------+----------+-------------------------------------------
     0 | D:1      | Gwenloh the Vampire Necromancer began the quest for the
                  | Orb.
     0 | D:1      | Reached XP level 1. HP: 13/13 MP: 3/3
   306 | D:1      | Reached XP level 2. HP: 18/19 MP: 3/5
   308 | D:1      | Learned a level 1 spell: Animate Skeleton
   329 | D:1      | Found a faded altar of an unknown god.
  1313 | D:2      | Reached skill level 5 in Necromancy
  1343 | D:2      | Gained mutation: You are afflicted with vampirism and can
                  | become a bat while bloodless. [Vampire growth]
  1343 | D:2      | Reached XP level 3. HP: 21/24 MP: 1/6
  1396 | D:2      | Noticed Sigmund
  1402 | D:2      | Learned a level 3 spell: Vampiric Draining
  1477 | D:2      | Killed Sigmund
  1478 | D:2      | Reached skill level 6 in Necromancy
  1478 | D:2      | Reached XP level 4. HP: 11/30 MP: 1/8
  1478 | D:2      | Reached XP level 5. HP: 13/35 MP: 1/9
  1551 | D:2      | Learned a level 4 spell: Animate Dead
  2736 | D:3      | Noticed Jessica
  2742 | D:3      | Killed Jessica
  2973 | D:3      | Reached XP level 6. HP: 41/41 MP: 8/10
  3795 | D:4      | Identified the +9 trident of Leymn {speed, SInv}
  4001 | D:4      | Found a glowing drain.
  4026 | D:4      | Reached skill level 7 in Necromancy
  4033 | Sewer    | Entered a sewer
  4419 | D:4      | Reached XP level 7. HP: 39/46 MP: 12/12
  4704 | D:4      | Noticed Dowan
  4730 | D:4      | Noticed Duvessa
  4760 | D:4      | Killed Duvessa
  4761 | D:4      | Reached skill level 5 in Dodging
  4886 | D:4      | Killed Dowan
  5000 | D:5      | Entered Level 5 of the Dungeon
  5013 | D:5      | Reached skill level 8 in Necromancy
  5045 | D:5      | Learned a level 5 spell: Agony
  5168 | D:5      | Found a staircase to the Ecumenical Temple.
  5556 | D:5      | Reached XP level 8. HP: 45/52 MP: 14/14
  5927 | D:6      | Identified the +0 pair of boots "Beunis" {rElec}
  6048 | D:6      | Reached skill level 9 in Necromancy
  6280 | D:6      | Reached skill level 5 in Spellcasting
  6595 | Temple   | Entered the Ecumenical Temple
  6635 | Temple   | Became a worshipper of Kikubaaqudgha
  7133 | D:7      | Found Roung's Antique Weapon Boutique.
  7377 | D:7      | Reached skill level 10 in Necromancy
  7562 | D:7      | Reached XP level 9. HP: 23/57 MP: 17/17
  7851 | D:7      | Identified the +0 ring mail of Foquc {Contam Str+3 Int+3}
  8531 | D:8      | Reached * piety under Kikubaaqudgha
  8531 | D:8      | Received a gift from Kikubaaqudgha
  8535 | D:8      | Learned a level 2 spell: Corpse Rot
  8912 | D:8      | Reached skill level 11 in Necromancy
  9008 | D:8      | Reached skill level 1 in Shields
  9150 | D:8      | Noticed Prince Ribbit
  9163 | D:8      | Killed Prince Ribbit
  9198 | D:8      | Noticed Psyche
  9211 | D:8      | Killed Psyche
  9730 | D:8      | Learned a level 5 spell: Excruciating Wounds
  9828 | D:9      | Found a runed translucent gate.
  9828 | D:9      | Found a runed translucent gate.
  9828 | D:9      | Found a runed translucent gate.
  9843 | D:9      | Noticed Harold
  9846 | D:9      | Found Tare's Book Emporium.
  9851 | D:9      | Demolished by Harold

Illustrated notes

Levels and vault maps discovered:
D:1:      saegor_arrival_fortress, layout_basic,
          hellmonk_ecumenical_altar_blasted, minmay_misc_feat_iff
D:2:      layout_rooms, minmay_puff, uniq_sigmund
D:3:      layout_loops_ring, kennysheep_pointless_box, corexii_shack,
          grunt_ministairs_14, uniq_jessica
D:4:      layout_loops_cross, gup_sewer_entry_glass, st_stairs_14, uniq_duvessa
D:5:      layout_rooms, minmay_temple_entry_from_below_a
D:6:      layout_cave_pods, kennysheep_generic_room_4
D:7:      layout_gridville, serial_shops, shop, chequers_avenue
D:8:      layout_basic, tso_altar, kennysheep_generic_room_9, uniq_psyche,
          uniq_prince_ribbit1
D:9:      layout_long_grid, gammafunk_ghost_icy, serial_shops, shop,
          minmay_liquid_box, minmay_misc_feat_more_columns,
          corexii_corridor_pit, uniq_harold
Temple:   nicolae_temple_the_god_donut

Skill      XL: |  1  2  3  4  5  6  7  8  9 |
---------------+----------------------------+-----
Necromancy     | 5 6 7 8 10 11 | 11.5
Dodging        | 3 4 5 6 8 |  8.0
Spellcasting   | 3 4 5 6 |  6.6
Shields        | 2 |  2.0
Stealth        | |  3.0

Action                   |  1- 3 |  4- 6 |  7- 9 || total
-------------------------+-------+-------+-------++-------
Melee: Dagger            |    19 |    20 |       ||    39
       Bite              |     1 |     3 |    11 ||    15
       Trident           |       |    26 |   225 ||   251
Throw: Boomerang         |    16 |    17 |    24 ||    57
 Cast: Pain              |    47 |    78 |    84 ||   209
       Vampiric Draining |     2 |    10 |    27 ||    39
       Animate Skeleton  |       |     4 |       ||     4
       Animate Dead      |       |       |     3 ||     3
       Agony             |       |       |     1 ||     1
       Corpse Rot        |       |       |     1 ||     1
Invok: Receive Corpses   |       |       |     1 ||     1
 Abil: Exsanguinate      |       |       |     1 ||     1
  Use: Potion            |       |       |     1 ||     1
 Stab: Sleeping          |     1 |     2 |     5 ||     8
Armor: Robe              |     7 |       |       ||     7
       Leather armour    |       |    17 |    29 ||    46
Dodge: Dodged            |    15 |    29 |   136 ||   180
